[Event "Early-Titled-Tuesday-Blitz-January-23-2024"]
[Site "Chess.com"]
[Date "2024.01.23"]
[Round "7"]
[White "Jospem"]
[Black "sergoy"]
[Result "1/2-1/2"]
[WhiteElo "3105"]
[BlackElo "3029"]
[TimeControl "180+1"]
[EndTime "9:18:39 PST"]
[Termination "Game drawn - insufficient material"]

1. e4 c5 2. Nf3 d6 3. c3 Nf6 4. h3 g6 5. Bd3 Bg7 6. Bc2 e5 7. d3 O-O 8. Bg5 Nc6 9. Nbd2 Be6 10. Bb3 d5 11. Qe2 h6 12. Bxf6 Bxf6 13. exd5 Bxd5 14. Ne4 Be7 15. h4 Kg7 16. g4 Bxb3 17. axb3 Qd5 18.
h5 f5 19. gxf5 gxf5 20. Ned2 Rad8 21. Rg1+ Kh7 22. Nc4 e4 23. dxe4 Qxe4 24. Qxe4 fxe4 25. Nfd2 Rf5 26. Nxe4 Rxh5 27. Ke2 Rhd5 28. f4 Rf5 29.
Raf1 Rdf8 30. Ke3 Nd8 31. Ncd6 Bxd6 32. Nxd6 Rd5 33. Rd1 Rxd1 34. Rxd1 Kg7 35. Rg1+ Kh7 36. Ke4 Ne6 37. f5 Ng5+ 38. Kd5 b6 39. Re1 Kg7 40.
Re7+ Kf6 41. Rxa7 Rd8 42. Kc6 h5 43. Ra1 h4 44. Rh1 h3 45. b4 cxb4 46. cxb4 Ke5 47.
Nb7 Rd2 48. Kxb6 Kxf5 49. Nc5 Rxb2 50. b5 Kg4 51. Kc6 Nf3 52. b6 Kg3 53. b7 Kg2 54.
Rxh3 Kxh3 55. Kc7 Rxb7+ 56. Kxb7 1/2-1/2

[Event "Early-Titled-Tuesday-Blitz-January-23-2024"]
[Site "Chess.com"]
[Date "2024.01.23"]
[Round "7"]
[White "Druid24"]
[Black "PenguinPacks"]
[Result "1-0"]
[WhiteElo "2706"]
[BlackElo "2440"]
[TimeControl "180+1"]
[EndTime "9:18:39 PST"]
[Termination "Druid24 won by resignation"]

1. e4 e5 2. Nf3 Nc6 3. Nc3 Nf6 4. d4 exd4 5. Nxd4 Bb4 6. Nxc6 bxc6 7. Bd3 d5 8. exd5 O-O 9. O-O cxd5 10. h3 Rb8 11. Qf3 h6 12. Ne2 Bd6 13. Rd1 c5 14. c3 Bb7 15.
Bf4 d4 16. Qg3 Nh5 17. Qg4 Nxf4 18. Nxf4 Qg5 19. Qxg5 hxg5 20. Ne2 dxc3 21. Nxc3 Be5 22. Rac1 Rfc8 23. b3 Bd4 24. Nb5 a6 25. Nxd4 cxd4 26. Bc4 Rd8 27. Rd2 Rd7 28. Re1 Kf8 29. f3 Re8 30.
Red1 Red8 31. Kf2 Ke7 32. Kg3 Rd6 33. Re1+ Kf6 34. Rf1 Kg6 35. f4 gxf4+ 36. Rxf4 f6 37. Kf2 Kg5 38. Rg4+ Kh6 39. h4 f5 40. Rg5 Be4 41.
g4 fxg4 42. Rxg4 Rf8+ 43. Kg1 Bb1 44. a4 d3 45. Rg3 Rf4 46. Rh3 Rg6+ 47. Kh2 Rd6 48. Kg3 Rdd4 49. h5 Bc2 50. a5 Rg4+ 51. Kf2 Rh4 52. Rxh4 Rxh4 53. Bxa6 Rxh5 54. b4 Rf5+ 55.
Ke3 Re5+ 56. Kd4 Rg5 57. Bxd3 Rg4+ 58. Kc3 Bxd3 59. Rxd3 Rf4 60. a6 Rf1 61. b5 g5 62.
Kb4 g4 63. a7 Ra1 64. Ra3 Rxa3 65. Kxa3 1-0

[Event "Early-Titled-Tuesday-Blitz-January-23-2024"]
[Site "Chess.com"]
[Date "2024.01.23"]
[Round "7"]
[White "esrosenberg"]
[Black "winniethepooh04"]
[Result "0-1"]
[WhiteElo "2347"]
[BlackElo "2532"]
[TimeControl "180+1"]
[EndTime "9:18:39 PST"]
[Termination "winniethepooh04 won by checkmate"]

1. c4 e6 2. g3 d5 3. Bg2 Nf6 4. Nf3 Be7 5. O-O O-O 6. d4 c6 7. Nc3 b6 8. Ne5 Bb7 9. Qd3 Na6 10. a3 c5 11. cxd5 exd5 12. Bg5 c4 13. Qc2 Nc7 14.
Rad1 Ne6 15. Bxf6 Bxf6 16. e3 a6 17. Nxc4 Rc8 18. Ne5 b5 19. Qb3 Nc7 20. Na4 Qd6 21. Nc5 Ba8 22. Ned7 Rfd8 23. Nxf6+ Qxf6 24. Bh3 Rb8 25. Nd7 Qh6 26. Kg2 Rb7 27. Nb6 Qxb6 28. Rc1 Ne6 29.
Rc2 Rc7 30. Rfc1 Rdc8 31. Rxc7 Rxc7 32. Rxc7 Qxc7 33. Bg4 Qc4 34. Qd1 Qc7 35. Qf3 Qd6 36.
h4 g6 37. Qf6 Qd8 38. Qe5 Qe8 39.
h5 f5 40. Bf3 Qd7 41. h6 Bc6 42. g4 Ng5 43. Qb8+ Kf7 44. Qe5 Nxf3 45. Kxf3 fxg4+ 46. Kg3 Qe7 47. Qg7+ Ke6 48. Qe5+ Kd7 49. Kxg4 Qxe5 50.
dxe5 Ke6 51. f4 Be8 52. Kf3 Kf5 53. Ke2 Ke4 54. Kd2 Bd7 55. b3 Bg4 56. a4 b4 57.
a5 Be6 58. Ke2 Bf5 59. Kf2 Kd3 60. Kf3 Kc3 61. e4 dxe4+ 62. Ke3 Kxb3 63. Kd4 Ka4 64. e6 Bxe6 65. Kxe4 b3 66. Ke5 Bf5 67. Kf6 b2 68.
Kg7 b1=Q 69. Kxh7 g5+ 70. Kg7 gxf4 71. Kf6 f3 72. Ke5 f2 73. Kd4 f1=Q 74. Kc3 Qfd3# 0-1

[Event "Early-Titled-Tuesday-Blitz-January-23-2024"]
[Site "Chess.com"]
[Date "2024.01.23"]
[Round "7"]
[White "MusicCityMaster"]
[Black "Goryachkina"]
[Result "1/2-1/2"]
[WhiteElo "2450"]
[BlackElo "2701"]
[TimeControl "180+1"]
[EndTime "9:18:40 PST"]
[Termination "Game drawn by stalemate"]

1. d4 Nf6 2. c4 e6 3. a3 b6 4.
Nf3 Bb7 5. e3 d5 6. Nbd2 Bd6 7.
b3 O-O 8. Bb2 Nbd7 9. Be2 Qe7 10.
Ne5 c5 11. O-O Rfd8 12. f4 Rac8 13. Qe1 Ne4 14. Nxe4 dxe4 15. Qg3 cxd4 16. exd4 f6 17. Ng4 Kh8 18. Rae1 Bxa3 19. Bxa3 Qxa3 20. Ra1 Qb2 21. Rxa7 Qxd4+ 22. Kh1 Bc6 23. f5 exf5 24. Rxf5 b5 25. c5 Ra8 26. Rxa8 Rxa8 27. h4 Nxc5 28. h5 Bd7 29. Rf1 Bxg4 30. Bxg4 Qe5 31. Qe3 Ra1 32.
Rxa1 Qxa1+ 33. Kh2 Qe5+ 34. Kh1 h6 35. Be2 f5 36. b4 Ne6 37. Qb6 f4 38. Qxb5 Qxb5 39. Bxb5 Nd4 40. Bc4 g6 41. hxg6 Kg7 42. b5 Nf5 43. b6 Nd6 44. Bd5 e3 45. Kg1 Kxg6 46. b7 Nxb7 47. Bxb7 h5 48. Bf3 h4 49. Kf1 h3 50.
gxh3 Kg5 51. Ke2 Kh6 52. Bg4 Kg7 53. Kf3 Kh8 54. Ke4 e2 55. Bxe2 f3 56. Bxf3 Kg7 57. Kf5 Kh8 58. Kg6 Kg8 59. h4 Kh8 60. h5 Kg8 61. h6 Kh8 62. Bg4 Kg8 63. Be6+ Kh8 64. h7 1/2-1/2

[Event "Early-Titled-Tuesday-Blitz-January-23-2024"]
[Site "Chess.com"]
[Date "2024.01.23"]
[Round "7"]
[White "vova-79"]
[Black "VomDingJetztHer"]
[Result "1/2-1/2"]
[WhiteElo "2546"]
[BlackElo "2414"]
[TimeControl "180+1"]
[EndTime "9:18:41 PST"]
[Termination "Game drawn - insufficient material"]

1. d4 Nf6 2. c4 e6 3. Nc3 Bb4 4. e3 Bxc3+ 5. bxc3 d6 6. Bd3 Qe7 7. e4 e5 8. f3 c5 9. Ne2 Nc6 10. Be3 b6 11. g4 Na5 12. h4 Ba6 13. Ng3 g6 14. h5 O-O-O 15. Qe2 Nd7 16. O-O-O Kb8 17. Rh2 cxd4 18. cxd4 Bxc4 19. Kb1 Rc8 20. hxg6 Bxd3+ 21. Qxd3 hxg6 22. Rxh8 Rxh8 23. dxe5 Nxe5 24. Qxd6+ Qxd6 25. Rxd6 Nac4 26. Rd5 Rh3 27. Bf4 Kb7 28. Bxe5 Nxe5 29. Rxe5 Rxg3 30. Re7+ Kc6 31. Rxf7 a5 32. Rf6+ Kc5 33. e5 b5 34. Kb2 b4 35. a3 Kc4 36.
axb4 axb4 37. Rf4+ Kd5 38. Re4 Rxf3 39. Re1 Ke6 40. Re4 b3 41. Ka3 g5 42. Kb2 Rf4 43. Re3 Rxg4 44. Kxb3 Rd4 45. Kc3 Rd5 46. Rg3 Rxe5 47.
Kd3 Kf5 48. Rf3+ Kg4 49. Rf1 Re8 50. Rg1+ Kh5 51. Rh1+ Kg6 52. Rg1 Re5 53. Kd4 Re2 54. Kd3 Re8 55. Kd2 Kf5 56. Rf1+ Kg4 57. Rg1+ Kf4 58. Rf1+ Kg3 59. Rg1+ Kh4 60. Rh1+ Kg4 61. Rg1+ Kh5 62. Rh1+ Kg6 63. Rg1 Re4 64. Kd3 Kf5 65. Rxg5+ Kxg5 66. Kxe4 1/2-1/2

[Event "Early-Titled-Tuesday-Blitz-January-23-2024"]
[Site "Chess.com"]
[Date "2024.01.23"]
[Round "7"]
[White "GaiozNigalidze"]
[Black "HeroWilczek"]
[Result "0-1"]
[WhiteElo "2696"]
[BlackElo "2473"]
[TimeControl "180+1"]
[EndTime "9:18:42 PST"]
[Termination "HeroWilczek won by checkmate"]

1. e4 c6 2. Nf3 d5 3. exd5 cxd5 4. d4 Nc6 5. Be2 Nf6 6. O-O Bg4 7. h3 Bxf3 8. Bxf3 e6 9. c3 Bd6 10. Bg5 h6 11. Be3 O-O 12. Nd2 b5 13. a3 Rb8 14. b4 a5 15. Nb3 a4 16. Nc5 Bxc5 17.
bxc5 Re8 18. Bf4 e5 19. dxe5 Nxe5 20. Be2 Rb7 21. Rb1 Ne4 22. Qc1 Nxc5 23. Bxb5 Nb3 24. Bxe8 Nxc1 25. Rxb7 Ne2+ 26. Kh1 Nxf4 27. Bb5 Qg5 28.
Rg1 Qh4 29. Bf1 Qxf2 30. Re7 Neg6 31. Re8+ Kh7 32. Bb5 Nh4 33. Ree1 Nhxg2 34. Ref1 Qg3 35. Bd7 g5 36. Rxf4 Qxf4 37. Rxg2 f5 38. Kg1 Qc1+ 39.
Kh2 Qxa3 40. Bxf5+ Kg7 41. Rc2 Qd6+ 42. Kg2 Qe5 43.
Bd3 a3 44. c4 Qd4 45. Bf5 dxc4 46. Ra2 Qd5+ 47. Kg3 Qxf5 48. Rxa3 Qf4+ 49. Kg2 Kg6 50. Ra6+ Kh5 51. Ra5 Qe4+ 52. Kf2 c3 53. Kg3 Qf4+ 54.
Kg2 c2 55. h4 Qg4+ 56. Kh2 Qxh4+ 57. Kg2 Qe4+ 58. Kh2 c1=Q 59. Rxg5+ hxg5 60. Kg3 Qcf4+ 61. Kh3 Qef3# 0-1

[Event "Early-Titled-Tuesday-Blitz-January-23-2024"]
[Site "Chess.com"]
[Date "2024.01.23"]
[Round "7"]
[White "LeoWin2012"]
[Black "ExchangeAB"]
[Result "0-1"]
[WhiteElo "2193"]
[BlackElo "2427"]
[TimeControl "180+1"]
[EndTime "9:18:43 PST"]
[Termination "ExchangeAB won by resignation"]

1. e4 c6 2. d4 d5 3. exd5 cxd5 4. Bd3 Nf6 5. h3 Nc6 6. c3 g6 7. Bf4 Bf5 8. Nf3 Bg7 9. O-O Bxd3 10. Qxd3 O-O 11. Nbd2 e6 12. Ne5 Nxe5 13. Bxe5 Ne8 14. Nf3 Nd6 15. Bxg7 Kxg7 16. Ne5 Rc8 17. f4 Nc4 18.
Rf2 f6 19. Nxc4 Rxc4 20. Re1 Rc6 21. Rfe2 Kf7 22. Qf3 Qb6 23. Qg4 Rd8 24. Qh4 Kg7 25. Kh1 Rdd6 26. Qg3 Kf7 27. Qh4 Kg7 28. g4 Qa6 29. f5 g5 30. Qh5 Qd3 31. Re3 Qd2 32.
Qe8 Rc7 33. Rxe6 Rxe6 34. Rxe6 Qd1+ 35. Kg2 Qc2+ 36. Re2 Qc1 37. Qd8 Rf7 38. Qxd5 b5 39. Qxb5 Qf4 40. Qd3 h5 41. Qf3 Qc1 42. Qf2 h4 43.
Qf1 Qxf1+ 44. Kxf1 Rb7 45. b3 Kf7 46. c4 Rd7 47. d5 a5 48. Ke1 a4 49. Kd2 axb3 50. axb3 Ra7 51. Kc3 Ra1 52. d6 Rh1 53. Rd2 Rxh3+ 54.
Rd3 Rxd3+ 55. Kxd3 h3 56. d7 Ke7 57. c5 h2 58. c6 Kd8 59. Kd4 h1=Q 60. Kc5 Qc1+ 61. Kd6 Qf4+ 62. Ke6 Qe5+ 63. Kf7 Qe7+ 64. Kg6 Qd6 65.
b4 Qxc6 66. Kf7 Qb6 0-1

[Event "Early-Titled-Tuesday-Blitz-January-23-2024"]
[Site "Chess.com"]
[Date "2024.01.23"]
[Round "7"]
[White "Yaacovn"]
[Black "Jumbo"]
[Result "1-0"]
[WhiteElo "2792"]
[BlackElo "2957"]
[TimeControl "180+1"]
[EndTime "9:18:44 PST"]
[Termination "Yaacovn won on time"]

1. d4 Nf6 2. e3 b6 3. Nf3 Bb7 4. Be2 g6 5. O-O Bg7 6. b3 c5 7. Bb2 O-O 8. c4 e6 9. Nc3 Qe7 10. Qd2 cxd4 11. Nxd4 Rd8 12. Ndb5 d6 13. Rad1 Na6 14.
Qc1 Nc5 15. Qa1 a6 16. Nd4 Rac8 17. h3 h6 18. Bf3 Bxf3 19. Nxf3 Ne8 20. Rd2 b5 21.
cxb5 Bxc3 22. Bxc3 Ne4 23. Rc2 axb5 24. Rfc1 e5 25.
Bb4 Qb7 26. Qb1 N4f6 27. Ba5 Rxc2 28. Qxc2 Ra8 29. Be1 Qa6 30. Ra1 Rc8 31. Qe2 Qc6 32. a4 bxa4 33. bxa4 Ra8 34. a5 Qa6 35. Qa2 Nc7 36.
Nd2 Nb5 37. Nc4 Qc6 38. Qb3 Nd7 39. Rd1 Nc5 40. Qa2 Ra6 41. Qe2 Ne4 42. Qd3 Kg7 43. Rb1 Nc5 44. Qe2 Nc7 45. Nb6 N7e6 46. Qc4 Ra7 47.
Bb4 Rb7 48. Rd1 Rc7 49. Qa2 Rb7 50. Qd2 Ne4 51. Qd3 N6c5 52. Qc4 Rc7 53. Rc1 Rb7 54. Be1 Rc7 55. Qc2 Qb7 56. Qa2 Rc6 57.
Rd1 Qa6 58. Qc2 Qb7 59. Qc4 Nf6 60. Qd5 1-0

[Event "Early-Titled-Tuesday-Blitz-January-23-2024"]
[Site "Chess.com"]
[Date "2024.01.23"]
[Round "7"]
[White "Grossboss19"]
[Black "Chessbard1972"]
[Result "1-0"]
[WhiteElo "2573"]
[BlackElo "2436"]
[TimeControl "180+1"]
[EndTime "9:18:45 PST"]
[Termination "Grossboss19 won by resignation"]

1. d4 Nf6 2. c4 g6 3. Nf3 Bg7 4.
Nbd2 O-O 5. e4 d6 6. Bd3 c5 7. d5 e6 8. O-O exd5 9. exd5 Re8 10. h3 a6 11. a4 Nbd7 12. Re1 Ne5 13. Nxe5 dxe5 14.
Rb1 a5 15. b3 Nh5 16. Bf1 f5 17. Bb2 Bd7 18. Qc2 Ra6 19. Rbd1 g5 20. Nb1 Rg6 21. Nc3 g4 22. hxg4 Rxg4 23. d6 Nf4 24. Nd5 Nxd5 25. Rxd5 Bc6 26. Qxf5 Rg5 27. Qd3 e4 28. Rxg5 Qxg5 29.
Qc2 Bd4 30. Bc1 Qh4 31. Be3 Re6 32. g3 Qh5 33. Bg2 Qe5 34. Bf4 Qf5 35. d7 Bxd7 36.
Bxe4 Qh5 37. Bd5 Kf7 38. Bxe6+ Bxe6 39. Qe4 Qg4 40. Qxb7+ Kg6 41. Qe4+ Kf6 42. Be5+ Bxe5 43. Qxe5+ Kf7 44. Qc7+ Kf6 45. Qd8+ Kg6 46. Qe8+ Bf7 47.
Qe4+ Qxe4 48. Rxe4 Kf6 49. Rf4+ Kg6 50. Rf3 Be6 51. Re3 Kf6 52. f4 Bf5 53. Re5 Bc2 54. Re3 Kf5 55. Kf2 Kg4 56. Ke2 h5 57. Kd2 Bf5 58. Re5 h4 59. gxh4 Kxf4 60. Rxc5 Be6 61.
Rxa5 Kg4 62. h5 Bf5 63. h6 Bh7 64. Ra7 Bf5 65. h7 Bxh7 66. Rxh7 Kf5 67. Rd7 Ke4 68.
Rd3 Ke5 69. a5 Ke6 70. a6 Ke7 71. a7 Ke6 72. b4 Ke5 73. b5 Kf4 74. c5 Kg4 75. b6 Kg5 76. c6 Kg6 77. b7 Kf7 78. c7 Kf6 79. c8=R Kf5 80. b8=R Kg5 1-0

[Event "Early-Titled-Tuesday-Blitz-January-23-2024"]
[Site "Chess.com"]
[Date "2024.01.23"]
[Round "7"]
[White "DDTerziev04"]
[Black "BashirliSaadat"]
[Result "1-0"]
[WhiteElo "2220"]
[BlackElo "2405"]
[TimeControl "180+1"]
[EndTime "9:18:45 PST"]
[Termination "DDTerziev04 won by resignation"]

1. e4 c6 2. d4 d5 3. exd5 cxd5 4. Bd3 Nf6 5. c3 Nc6 6. Bf4 Bg4 7. Qb3 Qd7 8. Nd2 e6 9. Ngf3 Be7 10. O-O O-O 11.
Rae1 Rfc8 12. h3 Bh5 13. Ne5 Nxe5 14. Bxe5 a6 15. f4 Bg6 16. Qc2 b5 17. f5 exf5 18.
Bxf5 Bxf5 19. Rxf5 b4 20. Ref1 bxc3 21. bxc3 Qc6 22.
R5f3 Ra7 23. Rg3 Rb7 24. Qf5 Kh8 25. Qg5 Rg8 26. Qh4 h6 27. Rgf3 Ne4 28. Qe1 Nxd2 29. Qxd2 Bg5 30. Bf4 Bxf4 31. Rxf4 Rf8 32. Rf5 Rc7 33.
Rf6 gxf6 34. Qxh6+ Kg8 35. Rxf6 Qxf6 36. Qxf6 Rxc3 37.
Qg5+ Kh8 38. Qxd5 Kg8 39. Qg5+ Kh8 40. d5 Rcc8 41. Qf6+ Kg8 42. Qxa6 Rcd8 43. Qc4 Rd7 44. Qg4+ Kh8 45. Qxd7 f6 46. Qe7 Kg8 47. Qe6+ Kg7 48. d6 Rb8 49. Qg4+ Kf7 50. d7 Rb1+ 51. Kh2 Rb8 52. Qc4+ Ke7 53. Qc7 Rd8 54. Qxd8+ Kxd8 55. a4 Kxd7 56. h4 Kc6 57. h5 Kb6 58. h6 Ka5 59. h7 Kxa4 60. h8=Q Kb5 61. Qxf6 Kc5 62. Qd8 Kb4 63.
Qc7 1-0

[Event "Early-Titled-Tuesday-Blitz-January-23-2024"]
[Site "Chess.com"]
[Date "2024.01.23"]
[Round "7"]
[White "Alenzer"]
[Black "Pastore1978"]
[Result "0-1"]
[WhiteElo "2160"]
[BlackElo "2284"]
[TimeControl "180+1"]
[EndTime "9:18:45 PST"]
[Termination "Pastore1978 won on time"]

1. e4 e6 2. d4 d5 3. exd5 exd5 4.
c4 Bb4+ 5. Nc3 Nf6 6. Nf3 O-O 7. Bd3 dxc4 8. Bxc4 Bg4 9. O-O Nbd7 10. h3 Bh5 11. g4 Bg6 12. Ne5 Nb6 13. Bb3 a5 14. f4 Be4 15. Nxe4 Nxe4 16. Bc2 Ng3 17. Rf3 Qxd4+ 18. Kg2 Qxd1 19. Bxd1 Ne4 20. a3 Bd6 21. Bc2 Nc5 22. Be3 a4 23. Rd1 Ncd7 24. Nxd7 Nxd7 25.
Bf5 Nc5 26. Bxc5 Bxc5 27. Rd7 Bd6 28. Be4 Rfb8 29. Bd5 Rf8 30. f5 Rab8 31. g5 b6 32. g6 Rbd8 33. Rxf7 Rxf7 34. Bxf7+ Kf8 35. Be6 h6 36. h4 Ke7 37. Bd5 Kf6 38. Be4 Be5 39. Bc2 Rd2+ 40. Rf2 Rd4 41. Re2 Rxh4 42. Rf2 Rh2+ 43.
Kg1 Rxf2 44. Kxf2 Bxb2 45. Bxa4 Bxa3 46. Bc2 Bd6 47. Kf3 Ke5 48. Kg4 Be7 49. Bd3 Bf6 50. Bc2 Kd4 51. Bb3 c5 52. Ba4 c4 53. Bc2 c3 54.
Kf3 b5 55. Ke2 b4 56. Kd1 Kc4 57. Be4 b3 58. Kc1 c2 0-1

[Event "Early-Titled-Tuesday-Blitz-January-23-2024"]
[Site "Chess.com"]
[Date "2024.01.23"]
[Round "7"]
[White "Korchmar_Vasiliy"]
[Black "s4p0ud"]
[Result "1-0"]
[WhiteElo "2725"]
[BlackElo "2517"]
[TimeControl "180+1"]
[EndTime "9:18:47 PST"]
[Termination "Korchmar_Vasiliy won by checkmate"]

1. e4 c5 2. d4 cxd4 3. Qxd4 Nc6 4. Qd3 g6 5. Nc3 Bg7 6. Nf3 d6 7. Be2 Nf6 8. O-O O-O 9. Nd5 Nd7 10. c3 Nde5 11. Nxe5 Nxe5 12. Qg3 Be6 13. Bg5 Bxd5 14. exd5 h6 15. Be3 Qc7 16. Rfd1 Nc4 17. Bxc4 Qxc4 18. Bd4 Qb5 19. b3 Rac8 20. c4 Qd7 21. a4 Qf5 22. h3 Rfe8 23. Bxg7 Kxg7 24. Rd4 a6 25. a5 Qc2 26.
Re1 Rc7 27. Rde4 Qd2 28. h4 h5 29. Qg5 Qxg5 30. hxg5 Kf8 31. g4 Rc5 32. gxh5 gxh5 33. b4 Rc7 34. Rh4 Kg7 35. Rhe4 Kg6 36. f4 Kf5 37.
Kg2 e5 38. dxe6 fxe6 39. Kf3 e5 40. fxe5 dxe5 41. c5 Rd7 42. Ke3 Kxg5 43. Rg1+ Kf5 44. Rh4 Ke6 45. Rxh5 Kd5 46. Rd1+ Kc6 47. Rh6+ Kc7 48.
Rxd7+ Kxd7 49. Ke4 Kc7 50. Rh5 Kc6 51. Rh6+ Kb5 52.
Rb6+ Kc4 53. Rxb7 Kc3 54. c6 Kc4 55. c7 Rc8 56. Kxe5 Kc3 57. Kd6 Kc4 58. Kd7 Rh8 59. c8=Q+ Rxc8 60. Kxc8 Kb3 61. Rb6 Ka4 62. Kb7 Ka3 63.
Kxa6 Ka4 64. Kb7 Ka3 65. a6 Ka4 66. a7 Kb3 67. a8=Q Kc4 68. Qc8+ Kb3 69. b5 Kb2 70. Rd6 Kb3 71. Rd3+ Kb2 72. Qc3+ Kb1 73. Rd1+ Ka2 74. Ra1# 1-0

[Event "Early-Titled-Tuesday-Blitz-January-23-2024"]
[Site "Chess.com"]
[Date "2024.01.23"]
[Round "7"]
[White "KhazhatulyAlikhan"]
[Black "FoxOnTheRun97"]
[Result "0-1"]
[WhiteElo "2347"]
[BlackElo "2598"]
[TimeControl "180+1"]
[EndTime "9:18:49 PST"]
[Termination "FoxOnTheRun97 won on time"]

1. e4 e6 2. d4 d5 3. Nd2 Nf6 4. e5 Nfd7 5. Bd3 c5 6. c3 Nc6 7. Ne2 cxd4 8. cxd4 f6 9. exf6 Nxf6 10. O-O Bd6 11.
Nf3 O-O 12. Bf4 Bxf4 13. Nxf4 Ne4 14. Qc1 Qf6 15. Ne2 Bd7 16. Qe3 Nd6 17. Rac1 Rae8 18.
Ne5 Re7 19. Bb1 Nf5 20. Bxf5 exf5 21. Nxd7 Rxd7 22. Rfd1 f4 23. Qf3 Kh8 24. Rc5 Ne7 25.
Rdc1 Qd6 26. h3 Ng6 27. R1c2 b6 28. Rc6 Qe7 29. Qh5 Qf7 30. Qf3 Re7 31. Kh1 Rfe8 32. Ng1 Nh4 33. Qg4 Ng6 34. Rc8 h6 35. h4 Kh7 36. h5 Nf8 37. Nf3 Ne6 38. Ne5 Qf6 39.
Qg6+ Qxg6 40. hxg6+ Kg8 41. Rxe8+ Rxe8 42. Rd2 Rc8 43. Kh2 Kf8 44. Kh3 Ke7 45. Kg4 Kf6 46. Kf3 Kf5 47. g4+ fxg3 48. fxg3 Ng5+ 49. Ke3 Ne4 50.
Rg2 Ke6 51. Kd3 Rc1 52. g4 Rd1+ 53. Ke3 Ra1 54. a3 Re1+ 55. Kd3 Rd1+ 56. Ke3 Nd6 57. Rf2 Re1+ 58. Kd3 Re4 59. Rf7 Nxf7 60. gxf7 Rf4 61. Ke3 Rxf7 62. Nxf7 Kxf7 63. Kf4 Kf6 64. b4 g6 65. a4 h5 0-1

[Event "Early-Titled-Tuesday-Blitz-January-23-2024"]
[Site "Chess.com"]
[Date "2024.01.23"]
[Round "7"]
[White "abhidabhi"]
[Black "Grischuk"]
[Result "1/2-1/2"]
[WhiteElo "2935"]
[BlackElo "3074"]
[TimeControl "180+1"]
[EndTime "9:18:50 PST"]
[Termination "Game drawn by repetition"]

1. e4 e5 2. Nf3 Nc6 3. Bb5 Nf6 4. d3 Bc5 5. Bxc6 dxc6 6. Nbd2 Be6 7. O-O Nd7 8. Nb3 Bb6 9. Ng5 Bxb3 10. axb3 Qe7 11. Nf3 Nf8 12. Bg5 f6 13. Be3 Ne6 14. Nd2 a6 15.
Nc4 Bxe3 16. fxe3 O-O-O 17. Qe1 c5 18. Nd2 Kb8 19. Nf3 Ka7 20. Ra4 Rd7 21. Qc3 h5 22.
Rfa1 h4 23. Nd2 h3 24. g3 Rf8 25. b4 cxb4 26. Rxb4 Qc5 27. Nc4 Ka8 28. Qb3 Qa7 29. Nb6+ cxb6 30. Qxe6 Rc7 31. Qd6 Rfc8 32. c4 b5 33. Kf2 bxc4 34. dxc4 Rc6 35. Qd7 R6c7 36. Qd5 Kb8 37. Ra3 Rc6 38. Qd7 R6c7 39. Qd6 Ka8 40. Rab3 Rc6 41. Qd5 Rc5 42. Qxb7+ Qxb7 43. Rxb7 Rxc4 44.
Rxg7 Rc2+ 45. Kf3 Rxh2 46. Rbb7 Rh8 47. Ra7+ Kb8 48. Rgb7+ Kc8 49. Rg7 Kb8 50. b4 Rb2 51. Rgb7+ Kc8 52. Rc7+ Kb8 53. Rcb7+ Kc8 54. Rc7+ Kb8 55.
Rcb7+ 1/2-1/2

[Event "Early-Titled-Tuesday-Blitz-January-23-2024"]
[Site "Chess.com"]
[Date "2024.01.23"]
[Round "7"]
[White "scarabee43"]
[Black "doctorcristian"]
[Result "1-0"]
[WhiteElo "2816"]
[BlackElo "2614"]
[TimeControl "180+1"]
[EndTime "9:18:50 PST"]
[Termination "scarabee43 won by resignation"]

1. Nf3 g6 2. c4 c5 3. Nc3 Bg7 4. e3 Bxc3 5. bxc3 b6 6. d4 d6 7.
e4 Bb7 8. Bd3 Qc7 9. a4 Nc6 10.
Be3 e5 11. h4 h6 12. Qd2 Na5 13.
Rb1 Ba6 14. Qe2 Ne7 15. Nd2 O-O-O 16. h5 g5 17. Rh3 Rhf8 18. Rf3 f6 19. Rh3 Kb8 20.
g3 Bc8 21. Rh2 Bd7 22. f4 Ka8 23. Rf2 Qc8 24. Qf1 Nec6 25. d5 Ne7 26. Nb3 Qc7 27.
fxg5 hxg5 28. Nxa5 bxa5 29. Rxf6 Rh8 30. Bxg5 Rxh5 31. Bh4 Nc8 32. Rf8 Rxf8 33. Qxf8 Bxa4 34. Be2 Rh7 35. Bg4 Bd7 36. Bd8 Bxg4 37. Bxc7 Rxc7 38. Kd2 a4 39. Ra1 Bd7 40. Qd8 Rb7 41. g4 Bxg4 42. Rxa4 Kb8 43. Ra6 Rd7 44. Qg5 Bh3 45. Qg3 Bf1 46. Rc6 Bxc4 47. Qg8 Rc7 48. Rxd6 Bb5 49. Rf6 Kb7 50. Qe6 Rd7 51. Qxe5 a5 52. Kc2 a4 53. Kb2 Ka7 54. d6 Bc4 55. Qxc5+ Nb6 56. e5 Rb7 57. e6 Ka6 58. Ka1 a3 59. Qxa3+ Kb5 60. Qb4+ Kc6 61. d7 Ra7+ 62. Kb1 Bd3+ 63. Kc1 Nd5 64. Qd4 Ra1+ 65. Kd2 Ba6 66. d8=Q Ra2+ 67.
Kc1 Ra1+ 68. Kb2 Ra5 69. Qxa5 1-0

[Event "Early-Titled-Tuesday-Blitz-January-23-2024"]
[Site "Chess.com"]
[Date "2024.01.23"]
[Round "7"]
[White "diamonds13"]
[Black "VinzentSpitzl"]
[Result "0-1"]
[WhiteElo "2343"]
[BlackElo "2527"]
[TimeControl "180+1"]
[EndTime "9:18:50 PST"]
[Termination "VinzentSpitzl won by resignation"]

1. d4 Nf6 2. c4 e6 3. Nc3 d5 4. cxd5 exd5 5. Bg5 Be7 6. e3 h6 7. Bh4 O-O 8. Bd3 c6 9. f3 Re8 10. Nge2 c5 11. Bf2 Nc6 12. O-O Be6 13. Rc1 cxd4 14. exd4 Rc8 15. a3 Qd7 16. Na4 Bf5 17. Nc5 Bxc5 18.
Rxc5 Bxd3 19. Qxd3 Ne7 20. Bh4 Qf5 21. Qd2 Rxc5 22. dxc5 Nc6 23. b4 Qe5 24. Nc1 Qe3+ 25. Qxe3 Rxe3 26. b5 Ne5 27. a4 Nfd7 28. Bf2 Rc3 29.
Ne2 Rc2 30. c6 bxc6 31. Nd4 Rc4 32. bxc6 Nxc6 33. Nxc6 Rxc6 34. Rb1 Ra6 35. Rb4 Nb6 36. Bxb6 Rxb6 37. Rd4 Rd6 38. Kf2 Kf8 39. Ke3 Ke7 40. Rb4 Ke6 41. Rb7 Ra6 42. Rb4 Rc6 43. Kd3 g5 44. h4 f6 45. hxg5 hxg5 46. Rb8 Rc4 47.
a5 Rc5 48. Re8+ Kd7 49. Rf8 Ke7 50. Rh8 Rxa5 51. Kd4 Ke6 52. Re8+ Kd7 53. Rf8 Ke7 54. Rh8 Ke6 55. g4 Ra4+ 56. Ke3 Ra3+ 57. Kd4 Rxf3 58. Re8+ Kf7 59. Ra8 Rf4+ 60. Kxd5 Rxg4 61. Rxa7+ Kg6 62. Ke6 Rf4 63. Kd5 g4 64. Ra8 Kf5 65.
Rg8 Rf3 66. Kd4 Kf4 67. Rg6 f5 68. Rg7 g3 69. Rf7 Rf2 70. Rg7 Kf3 71. Kd3 f4 0-1

[Event "Early-Titled-Tuesday-Blitz-January-23-2024"]
[Site "Chess.com"]
[Date "2024.01.23"]
[Round "7"]
[White "FMCarmona"]
[Black "LaPiToB"]
[Result "1/2-1/2"]
[WhiteElo "2160"]
[BlackElo "2285"]
[TimeControl "180+1"]
[EndTime "9:18:53 PST"]
[Termination "Game drawn by repetition"]

1. e4 c5 2. Nf3 d6 3. d4 cxd4 4. Nxd4 Nf6 5. Nc3 g6 6. Be3 Bg7 7. Bc4 O-O 8. f3 Nc6 9. Qd2 Nxd4 10. Bxd4 Be6 11. Bb3 Qa5 12. O-O-O Rfc8 13. Kb1 b5 14.
Nd5 Qxd2 15. Nxf6+ Bxf6 16. Rxd2 Bxd4 17. Rxd4 a5 18. Bxe6 fxe6 19. Rhd1 Rc5 20. c3 Rac8 21. a4 Kf7 22. axb5 Rxb5 23. Ra4 Rxc3 24. Rxa5 Rxa5 25. bxc3 Kf6 26. Kb2 Ke5 27. Kb3 Rb5+ 28. Kc2 Ra5 29. Rd2 Ra1 30. Kd3 Rh1 31. g3 g5 32. Ke3 h5 33. f4+ gxf4+ 34. gxf4+ Kf6 35. Rg2 Rc1 36. e5+ dxe5 37. fxe5+ Kf5 38. Kd4 Rd1+ 39.
Kc4 Rd5 40. Re2 Rd1 41. Kc5 Rd5+ 42. Kc6 Rxe5 43. Rxe5+ Kxe5 44. c4 Kd4 45. c5 e5 46.
Kb6 e4 47. c6 e3 48. c7 e2 49. c8=Q e1=Q 50. Qc5+ Kd3 51. Qxh5 Qb4+ 52. Kc7 Qd6+ 53. Kc8 e5 54. Qf3+ Kc4 55. Qe2+ Kc3 56. Qe3+ Kc4 57. Qe2+ Kc5 58. Qe3+ Kb4 59. Qe1+ Kb3 60. Qe3+ Kb4 61. h4 Qd4 62. Qe1+ Kc5 63. h5 Qd6 64. Qe3+ Kc6 65.
Qe4+ Kb6 66. Qe3+ Kc6 67. Qe4+ Kb6 68. Qe3+ Kb5 69. Qe2+ Kc5 70. Qe3+ Kc6 1/2-1/2

[Event "Early-Titled-Tuesday-Blitz-January-23-2024"]
[Site "Chess.com"]
[Date "2024.01.23"]
[Round "7"]
[White "Kotofeyca"]
[Black "Goffredo_Fofi"]
[Result "1/2-1/2"]
[WhiteElo "2374"]
[BlackElo "2537"]
[TimeControl "180+1"]
[EndTime "9:18:56 PST"]
[Termination "Game drawn by repetition"]

1. d4 g6 2. c4 Bg7 3. Nc3 d6 4. e4 c5 5. Nge2 Nc6 6. Be3 Qb6 7. Nd5 Qa5+ 8. Bd2 Qd8 9. Bc3 e6 10. dxc5 Bxc3+ 11. Ndxc3 dxc5 12. Qxd8+ Kxd8 13. O-O-O+ Bd7 14. f4 Nf6 15. h3 e5 16. Nd5 Nxe4 17. Re1 Re8 18.
fxe5 Rxe5 19. Nef4 Ng3 20. Rxe5 Nxe5 21. Rg1 Bf5 22. Kd2 g5 23. Nd3 Nxc4+ 24. Kc3 Nd6 25. Ne5 b5 26. Bd3 b4+ 27. Kc2 Bxd3+ 28. Kxd3 f6 29. Nc4 Nge4 30. Re1 f5 31. Nxd6 Nxd6 32. Re7 Rc8 33. Rxh7 c4+ 34. Kc2 a5 35. Rg7 Rc5 36. Rg8+ Kd7 37. Nb6+ Kc6 38. Na4 Re5 39. Rxg5 Re2+ 40. Kd1 Rf2 41. h4 Ne4 42. Rg6+ Kd5 43. h5 c3 44. bxc3 bxc3 45. Nxc3+ Nxc3+ 46. Ke1 Rb2 47. h6 Rb8 48. h7 Rh8 49. Rh6 Ke5 50. a3 Ne4 51. Ke2 Nf6 52. Kd3 Rxh7 53. Rxh7 Nxh7 54.
Kc4 Nf6 55. Kb5 Nd5 56. Kxa5 Nc3 57. Kb4 Nd5+ 58. Kc5 Nc7 59. a4 Ke4 60. a5 Kf4 61. Kc6 Na6 62. Kb6 Nb4 63. Kc5 Na6+ 64. Kb6 Nb8 65. Kc7 Na6+ 66. Kb6 1/2-1/2